AoeStats
← jhoncondep

Arena

508505083Analyzed
4v4 RM · 11d ago on Sep 22, 2026· 41m 40s· 8 players
Game mode
Random Map
Map size
Large (8 player)
Population
200
Speed
Normal
Resources
Standard
Victory
Conquest
Starting age
Dark Age
Ending age
Imperial Age
RankedLock teamsTeams togetherTeam positionsShared explorationLock speedFull tech treeHidden civsTurbo modeCheats
Victory
Defeat
🇺🇦 Gurjaras · Ukraine
1224
+15
🇺🇸 Celts · United States
1192
+17
🇷🇴 Maya · Romania
1184
+17
🇨🇴 Khmer · Colombia
1156
+17
🇦🇷 Hindustanis · Argentina
1241
-18
🇨🇳 Sicilians · China
1198
-16
🇧🇷 Goths · Brazil
1195
-16
🇨🇳 Random · China
1180
-16
Kryptonknight
10:21 Feudal Age
10:32 Feudal Age
14:28 Castle Age
12:21 Double-Bit Axe
12:45 Horse Collar
16:24 Bow Saw
16:15 Heavy Plow
17:06 Wheelbarrow
20:33 Wheelbarrow
21:37 Hand Cart
22:58 Gold Mining
24:36 Gold Shaft Mining
28:11 Imperial Age
25:55 Scale Barding Armor
26:01 Forging
25:46 Stone Mining
27:49 Chain Barding Armor
28:05 Iron Casting
27:41 Husbandry
27:35 Loom
28:39 Cavalier
29:51 Town Watch
31:06 Paladin
32:49 Blast Furnace
33:16 Conscription
35:08 Light Cavalry
37:43 Furor Celtica
39:22 Hussar
40:17 Siege Engineers
40:33 Ballistics
40:50 Sappers
only_mousee
5:18 Loom
9:09 Feudal Age
13:05 Castle Age
19:37 Double-Bit Axe
19:36 Horse Collar
21:28 Bow Saw
24:38 Heavy Plow
28:45 Wheelbarrow
27:55 Town Watch
28:21 Stone Mining
31:40 Arson
32:58 Stone Shaft Mining
32:15 Gold Mining
33:19 Hand Cart
33:09 Scale Mail Armor
33:06 Fletching
33:43 Ballistics
33:36 Fortified Wall
38:38 Imperial Age
36:56 Forging
37:14 Kshatriyas
38:01 Chain Mail Armor
38:23 Iron Casting
37:44 Bodkin Arrow
39:13 Gold Shaft Mining
40:01 Plate Mail Armor
39:05 Elite Chakram Thrower
jhoncondep
12:13 Feudal Age
15:37 Castle Age
13:45 Double-Bit Axe
14:05 Horse Collar
17:01 Bow Saw
22:25 Gold Mining
23:07 Loom
23:08 Town Watch
26:28 Stone Mining
27:14 Wheelbarrow
27:53 Gold Shaft Mining
31:33 Imperial Age
30:35 Hand Cart
32:14 Ballistics
32:06 Fortified Wall
32:36 Double Crossbow
32:57 Conscription
33:39 Chemistry
32:06 Capped Ram
33:21 Siege Ram
34:37 Heavy Scorpion
35:58 Caravan
𝖋𝖔𝖈𝖆
0:32 Loom
11:34 Feudal Age
12:28 Double-Bit Axe
12:24 Horse Collar
16:47 Castle Age
15:06 Stone Mining
18:43 Wheelbarrow
18:28 Gold Mining
24:26 Fletching
39:01 Imperial Age
36:34 Padded Archer Armor
36:53 Forging
38:30 Stone Shaft Mining
39:48 Bow Saw
40:23 Conscription
40:23 Bodkin Arrow
42:05 Two-Man Saw
41:12 Heavy Plow
41:56 Leather Archer Armor
41:42 Bracer
DioGoL
12:05 Feudal Age
11:24 Loom
13:06 Double-Bit Axe
16:26 Castle Age
Newell's
10:08 Feudal Age
13:55 Castle Age
12:15 Double-Bit Axe
12:33 Horse Collar
15:07 Bow Saw
17:57 Loom
18:48 Scale Barding Armor
20:09 Bloodlines
21:37 Forging
24:40 Husbandry
25:13 Chain Barding Armor
26:42 Heavy Plow
31:13 Imperial Age
29:28 Wheelbarrow
30:03 Iron Casting
30:42 Hand Cart
30:15 Town Watch
30:51 Gold Mining
30:52 Stone Mining
32:54 Plate Barding Armor
34:07 Chemistry
33:15 Siege Engineers
34:09 Gold Shaft Mining
33:06 Heavy Camel Rider
35:51 Blast Furnace
所以狼
11:22 Feudal Age
15:14 Castle Age
13:13 Double-Bit Axe
14:04 Horse Collar
15:10 Forging
19:36 Scale Mail Armor
20:58 Fletching
29:47 Bow Saw
29:40 Heavy Plow
31:52 Bodkin Arrow
zhenyy
10:44 Feudal Age
14:23 Castle Age
12:15 Double-Bit Axe
12:39 Horse Collar
17:07 Bow Saw
18:53 Wheelbarrow
19:58 Loom
23:49 Hand Cart
27:50 Town Watch
29:58 Forging
29:48 Scale Mail Armor
33:39 Imperial Age
31:12 Town Patrol
31:56 Arson
32:11 Squires
33:27 Iron Casting
33:07 Chain Mail Armor
32:58 Scale Barding Armor
35:26 Blast Furnace
34:57 Plate Mail Armor
34:12 Onager
34:34 Capped Ram
35:32 Elite Varangian Guard
36:15 Onager
37:20 Gothikon
38:21 Conscription
Connection lost

Rejoining the realm…

Still unreachable

The connection could not be restored.

Session expired

The server has moved on; the page needs a fresh start.